 Dungeon Sprint DCSS version 0.27-a0-1545-g3eddc1d3d3 (webtiles) character file.

Game seed: 10751929220471433575

109 GenialerGandalf the Shield-Bearer (level 4, -2/45 HPs)
             Began as a Minotaur Fighter on July 13, 2021.
             Killed from afar by Sigmund (6 damage)
             ... with a puff of flame
             ... in the Dungeon (Sprint I: "Red Sonja").
             The game lasted 00:00:55 (277 turns).

GenialerGandalf the Shield-Bearer (Minotaur Fighter) Turns: 277, Time: 00:00:56

Health: -2/45      AC:  7    Str: 22    XL:     4   Next: 60%
Magic:  3/3        EV:  8    Int:  5    God:
Gold:   54         SH:  0    Dex:  9    Spells: 3/3 levels left

rFire    . . .     SeeInvis .   a - +0 war axe
rCold    . . .     Faith    .   c - +0 kite shield
rNeg     . . .     Spirit   .   b - +0 scale mail
rPois    .         Reflect  .   (helmet restricted)
rElec    .         Harm     .   (no cloak)
rCorr    .         Rampage  .   (no gloves)
Will     .....     NoTele   +   (no boots)
Stlth    ..........             (no amulet)
HPRegen  0.15/turn              (no ring)
MPRegen  0.08/turn              (no ring)

@: confused, mighty, brilliant
A: horns 2, retaliatory headbutt
a: no special abilities


You were in the Dungeon.
You visited 1 branch You collected 54 gold pieces.

Inventory:

Hand Weapons
 a - a +0 war axe (weapon)
Armour
 b - a +0 scale mail (worn)
 c - a +0 kite shield (worn)
Wands
 k - a wand of digging (6)
Scrolls
 j - a scroll of blinking
Potions
 e - a potion of curing
 f - a potion of heal wounds
 g - a potion of haste
 h - 2 potions of magic
 i - a potion of berserk rage


   Skills:
 + Level 6.7 Fighting
 + Level 5.4 Axes
 + Level 6.6 Armour
 + Level 6.8 Shields


You had 3 spell levels left.
You didn't know any spells.
Your spell library was empty.

Dungeon Overview and Level Annotations

Branches:
Dungeon (1/1)

Altars:

Annotations:
D Sigmund


Innate Abilities, Weirdness & Mutations

You have a pair of horns on your head.
You reflexively headbutt those who attack you in melee.


Message History

You block the ogre's attack.
You slash the ogre!
You kill the ogre!
Your Fighting skill increases to level 6!
Your Axes skill gained 2 levels and is now at level 5!
Your Armour skill increases to level 6!
Your Shields skill increases to level 6!
You have reached level 3!
Your experience leads to an increase in your attributes!
Increase (S)trength, (I)ntelligence, or (D)exterity?
You feel stronger.
You have reached level 4!
You feel stronger.
You see here a +0 giant club.
As you open the door, it creaks loudly!
Found 54 gold pieces.
There is an open door here.
You now have 27 gold pieces.
You now have 54 gold pieces (gained 27).
There is an open door here.
You open the door.
Sigmund the Dreaded comes into view.
He is wielding a +0 scythe and carrying a wand of flame (18).
Sigmund zaps a wand.
The puff of flame hits you. Sigmund gestures at you while chanting.
You are confused.
There is an open door here.
Sigmund drinks a potion.
Sigmund seems to grow stronger.
Sigmund casts a spell at you. The puff of flame hits you.
There is an open door here.
You bump into the rock wall.
Sigmund hits you with a +0 scythe!
* * * LOW HITPOINT WARNING * * *
You bump into the rock wall.
Sigmund gestures at you while chanting.
You are more confused.
You barely miss Sigmund. Your headbutt misses Sigmund.
Sigmund zaps a wand.
The puff of flame hits you.
* * * LOW HITPOINT WARNING * * *
Sigmund zaps a wand.
The puff of flame hits you.
You die...

#############
#<.#..').#..+
#..'..#.@'@.#
#...####'####
#..## #..#
#.)# ####
#..# #⌠⌠#
####


You could see Sigmund (strong).

Vanquished Creatures
  An ogre (D)
  Ijyb (D)
2 creatures vanquished.

Notes
Turn   | Place    | Note
-------+----------+-------------------------------------------
     0 | D        | GenialerGandalf the Minotaur Fighter began the quest for
                  | the Orb.
     0 | D        | Reached XP level 1. HP: 19/19 MP: 0/0
     2 | D        | Noticed Ijyb
    18 | D        | Killed Ijyb
    19 | D        | Reached skill level 5 in Fighting
    19 | D        | Reached skill level 5 in Armour
    19 | D        | Reached skill level 5 in Shields
    19 | D        | Reached XP level 2. HP: 9/29 MP: 1/1
   254 | D        | Noticed an ogre
   257 | D        | Killed an ogre
   258 | D        | Reached skill level 5 in Axes
   258 | D        | Reached XP level 3. HP: 24/38 MP: 2/2
   258 | D        | Reached XP level 4. HP: 28/45 MP: 3/3
   270 | D        | Noticed Sigmund
   277 | D        | Killed from afar by Sigmund

Illustrated notes

Levels and vault maps discovered:
D:        dungeon_sprint_1 [red_sonja_temple_1, red_sonja_temple_small_1]

Skill      XL: |  1  2 |
---------------+-------+-----
Fighting       | 5 6 |  6.7
Axes           | 3 5 |  5.4
Armour         | 5 6 |  6.6
Shields        | 5 6 |  6.8

Action                   |  1- 3 |  4- 6 || total
-------------------------+-------+-------++-------
Melee: War axe           |    13 |     1 ||    14
       Headbutt          |     2 |       ||     2
  Use: Potion            |     2 |       ||     2
Armor: Scale mail        |     2 |       ||     2
Dodge: Dodged            |     2 |       ||     2
Block: Kite shield       |     8 |       ||     8

Table legend: (Time is in decaauts)
 A = Elapsed time spent in this place.
 B = Non-inter-level travel time spent in this place.
 C = Inter-level travel time spent in this place.
 D = Time resting spent in this place.
 E = Time spent auto-exploring this place.
 F = Levels seen in this place.
 G = Mean time per level.
                   A        B        C        D        E       F      G
               +--------+--------+--------+--------+--------+-----+--------+
         Total |    285 |    285 |      0 |    212 |      0 |   1 |  285.0 |
       Dungeon |    285 |    285 |      0 |    212 |      0 |   1 |  285.0 |
               +--------+--------+--------+--------+--------+-----+--------+

Top non-repeatable levels by time:
       D: 285 daAuts
